 Dungeon Crawl Stone Soup version 0.31-a0-105-gc0b45f0da6 (webtiles) character file.

Game seed: 12536206931754077171

26831 Conn the Destroyer (level 13, -1/76 HPs)
             Began as an Octopode Fire Elementalist on May 27, 2023.
             Was the Champion of Cheibriados.
             Slain by a salamander
             ... wielding a +3 halberd
              (15 damage)
             ... on level 3 of the Lair of Beasts.
             The game lasted 00:43:23 (13866 turns).

Conn the Destroyer (Octopode Fire Elementalist)    Turns: 13866, Time: 00:43:23

Health: -1/76      AC:  5    Str: 28    XL:     13   Next: 28%
Magic:  10/26      EV: 24    Int: 44    God:    Cheibriados [******]
Gold:   690        SH:  8    Dex: 33    Spells: 8/31 levels left

rFire   . . .        a - +2 flail (protect)
rCold   . . .        i - +0 buckler
rNeg    . . .        (helmet restricted)
rPois   .            e - amulet of regeneration
rElec   .            h - +4 ring of protection
rCorr   +            j - ring of resist corrosion
SInv    .            l - +5 ring of evasion
Will    .....        n - +6 ring of intelligence
Stlth   ++++++       x - +6 ring of strength
HPRegen 1.12/turn    F - +6 ring of dexterity
MPRegen 0.20/turn    (no ring)
                     (no ring)

%: no passive effects
@: very slow
A: almost no armour, amphibious, 8 rings, camouflage 1, gelatinous body 1,
(nimble swimmer 1), tentacles
a: Renounce Religion, Bend Time, Temporal Distortion, Slouch, Step From Time


You were on level 3 of the Lair of Beasts.
You worshipped Cheibriados.
Cheibriados was exalted by your worship.
You visited 2 branches of the dungeon, and saw 12 of its levels.

You collected 690 gold pieces.

Inventory:

Hand Weapons
 a - a +2 flail of protection (weapon)
 d - a +0 dagger
 y - a +2 short sword of flaming
 I - a +0 halberd of protection
Missiles
 z - 5 curare-tipped darts
 H - 4 throwing nets
Armour
 i - a +0 buckler (worn)
Magical Staves
 b - a staff of fire
Jewellery
 e - an amulet of regeneration (around mantle)
 h - a +4 ring of protection (left tentacle)
 j - a ring of resist corrosion (right tentacle)
 l - a +5 ring of evasion (on tentacle)
 n - a +6 ring of intelligence (on tentacle)
 x - a +6 ring of strength (on tentacle)
 F - a +6 ring of dexterity (on tentacle)
Wands
 s - a wand of roots (9)
 B - a wand of paralysis (9)
 E - a wand of flame (7)
 K - a wand of digging (4)
 L - a wand of light (13)
Scrolls
 f - 5 scrolls of poison
 k - a scroll of summoning
 m - a scroll of blinking
 u - 3 scrolls of amnesia
 A - 2 scrolls of fear
 C - 4 scrolls of immolation
 D - 7 scrolls of teleportation
Potions
 c - a potion of haste
 g - a potion of lignification
 o - 4 potions of heal wounds
 p - 2 potions of invisibility
 q - 2 potions of brilliance
 r - 4 potions of might
 t - a potion of cancellation
 v - 3 potions of enlightenment
 w - 2 potions of curing
 G - a potion of berserk rage
 J - 2 potions of magic
 M - 6 potions of ambrosia


   Skills:
 + Level 2.5 Fighting
 + Level 2.7 Short Blades
 + Level 4.2 Maces & Flails
 + Level 5.3 Dodging
 + Level 7.6 Stealth
 * Level 6.0 Shields
 + Level 0.4 Unarmed Combat
 + Level 9.7 Spellcasting
 * Level 10.0 Conjurations
 + Level 2.3 Hexes
 + Level 4.5 Translocations
 + Level 9.4 Fire Magic
 * Level 8.7 Invocations
 + Level 0.5 Evocations


You had 8 spell levels left.
You knew the following spells:

 Your Spells              Type           Power      Damage    Failure   Level
a - Foxfire               Conj/Fire      100%       2x1d9     1%          1
b - Scorch                Fire           100%       2d9       1%          2
c - Inner Flame           Hex/Fire       58%        N/A       1%          3
d - Flame Wave            Conj/Fire      77%        2d17      1%          4
e - Iskenderun's Mystic   Conj/Tloc      66%        2d14      1%          4
f - Hailstorm             Conj/Ice       53%        3d12      1%          3
g - Starburst             Conj/Fire      38%        6d11      8%          6

Your spell library contained the following spells:

 Spells                   Type           Power      Damage    Failure   Level
 Freeze                   Ice            84%        1d9       1%          1
 Dazzling Flash           Conj/Hex       100%       N/A       1%          3
 Volatile Blastmotes      Fire/Tloc      100%       2d18      1%          3
 Vhi's Electric Charge    Tloc/Air       60%        N/A       3%          3
 Cigotuvi's Dreadful Rot  Necr/Pois/Air  14%        N/A       4%          2
 Frozen Ramparts          Ice            42%        1d7       4%          3
 Arcjolt                  Conj/Air       26%        1d36      10%         5
 Dispel Undead            Necr           21%        3d11      16%         4
 Plasma Beam              Fire/Air       25%        2x1d41    50%         6
 Death Channel            Necr           10%        N/A       94%         6


Dungeon Overview and Level Annotations

Branches:
Dungeon (9/15)             Temple (0/1) D:4            Lair (3/5) D:9
 Shoals (0/4) Lair:3
  Snake: Lair:2-3    Spider: Lair:2-3       Orc: D:9-12

Altars:
Cheibriados
Hepliaklqana
Kikubaaqudgha
Makhleb
Nemelex Xobeh
Okawaru
Sif Muna
Trog
Wu Jian
Yredelemnul

Annotations:
D:9 3 runed translucent doors, spirit192's ghost, journeyman MiFi


Innate Abilities, Weirdness & Mutations

You cannot wear most types of armour.
You are amphibious.
You can wear up to eight rings at the same time.
Your skin changes colour to match your surroundings (Stealth+).
Your rubbery body absorbs attacks. (AC +1, EV +1)
((You are camouflaged when in or above water. (Stealth+)))
You have tentacles for arms and can constrict up to eight enemies at once.


Message History

Unknown command.
Casting: Scorch (safe; 1% risk of failure)
Confirm with . or Enter, or press ? or * to list all spells.
Flames lash the salamander.
The salamander completely resists.
Unknown command.
Casting: Scorch (safe; 1% risk of failure)
Confirm with . or Enter, or press ? or * to list all spells.
Flames lash the salamander.
The salamander completely resists.
The salamander completely misses you.
Unknown command.
Casting: Scorch (safe; 1% risk of failure)
Confirm with . or Enter, or press ? or * to list all spells.
Flames lash the salamander.
The salamander completely resists.
The salamander closely misses you.
Unknown command.
Casting: Scorch (safe; 1% risk of failure)
Confirm with . or Enter, or press ? or * to list all spells.
Flames lash the salamander.
The salamander completely resists.
The salamander misses you.
Unknown command.
Casting: Scorch (safe; 1% risk of failure)
Confirm with . or Enter, or press ? or * to list all spells.
Flames lash the salamander.
The salamander completely resists.
The salamander hits you from afar with a +3 halberd!
You are engulfed in flames!
Unknown command.
Casting: Scorch (safe; 1% risk of failure)
Confirm with . or Enter, or press ? or * to list all spells.
Flames lash the salamander.
The salamander completely resists.
The salamander hits you from afar with a +3 halberd!
You are engulfed in flames!
The salamander completely misses you. The salamander misses you.
The salamander barely misses you.
The salamander hits you with a +3 halberd!
You are engulfed in flames!
The salamander hits you with a +3 halberd!
* * * LOW HITPOINT WARNING * * *
You are engulfed in flames!
You die...

....###....# ..≈ ##....###
.....#.....# ... #...## #
.....##....# ...### #...#
#...###...## ##.##.#
##...# #...##....#
#.....## #....#
#<..#.....## #.....#
##...# #...###....#
##....## ###....#
#.#####...##
#.N....###.##...## ..##
#....# #..@..###........##
.#.# #....#
##..............#.# .###
##...# ##...............##
.#
##...####...............##
.#
#....#..##..#....###....#
# .# ##.........##....#
##...# # .#
#.#......###....# #...####
.## ####...†..##..).#
#...#.#. .P#
##.....#.#....# #....##.


You could see a salamander (inner flame).

Vanquished Creatures
  Rupert (Lair:3)
  9 elephants
  3 black mambas
  5 cane toads
  A torpor snail (Lair:1)
  Maggie (D:9)
  2 komodo dragons (Lair:3)
  2 rime drakes
  A queen bee (Lair:2)
  3 merfolk (Lair:3)
  A troll (D:9)
  5 blink frogs (Lair:2)
  6 polar bears (Lair:2)
  5 dream sheep
  A slime creature (Lair:1)
  A wraith (D:8)
  3 wyverns
  41 yaks
  2 basilisks
  A steam dragon (D:9)
  Menkaure (D:4)
  An acid dragon (D:8)
  8 water moccasins
  7 orc warriors
  An ice beast (D:6)
  12 black bears
  5 centaurs
  A phantom (D:4)
  4 kobold brigands
  6 bullfrogs
  4 gnoll sergeants
  4 scorpions
  5 wights (D:7)
  28 killer bees
  3 electric eels (D:7)
  8 jellies
  7 orc priests
  2 gnoll boudas
  2 hounds (D:6)
  2 sleepcaps
  3 iguanas
  Natasha (thrice) (D:4)
  12 orc wizards
  Robin (D:3)
  11 gnolls
  5 adders
  3 white imps
  2 worms
  33 orcs
  19 endoplasms
  3 giant cockroaches
  15 goblins
  14 hobgoblins
  3 jackals (D:1)
  12 kobolds
  2 quokkas
  7 ball pythons
  6 bats
  3 frilled lizards
  9 rats
371 creatures vanquished.

Vanquished Creatures (collateral kills)
  16 foxfires
16 creatures vanquished.

Vanquished Creatures (others)
  764 foxfires
764 creatures vanquished.

Grand Total: 1151 creatures vanquished

Notes
Turn   | Place    | Note
-------+----------+-------------------------------------------
     0 | D:1      | Conn the Octopode Fire Elementalist began the quest for the
                  | Orb.
     0 | D:1      | Reached XP level 1. HP: 11/11 MP: 3/3
   270 | D:1      | Reached XP level 2. HP: 17/17 MP: 5/5
   760 | D:1      | Learned a level 2 spell: Scorch
   779 | D:1      | Reached XP level 3. HP: 21/21 MP: 2/6
  1210 | D:2      | Found a snail-covered altar of Cheibriados.
  1231 | D:2      | Became a worshipper of Cheibriados the Contemplative
  1414 | D:2      | Reached XP level 4. HP: 27/27 MP: 7/7
  1732 | D:3      | Noticed Robin
  1820 | D:2      | Learned a level 3 spell: Inner Flame
  1858 | D:3      | Reached * piety under Cheibriados
  2242 | D:3      | Found a burning altar of Makhleb.
  2242 | D:3      | Noticed a cacodemon
  2292 | D:3      | Killed Robin
  2293 | D:3      | Reached skill level 1 in Short Blades
  2295 | D:3      | Reached XP level 5. HP: 31/31 MP: 0/9
  2501 | D:4      | Found a staircase to the Ecumenical Temple.
  2582 | D:4      | Noticed a black bear
  2587 | D:4      | Killed a black bear
  2588 | D:4      | Reached skill level 2 in Conjurations
  2637 | D:4      | Noticed a phantom
  2643 | D:4      | Killed a phantom
  2644 | D:4      | Reached XP level 6. HP: 37/37 MP: 3/10
  2919 | D:4      | Found a snail-covered altar of Cheibriados.
  2924 | D:4      | Noticed Menkaure
  2924 | D:4      | Noticed Natasha
  2935 | D:4      | Killed Menkaure
  2945 | D:4      | Reached ** piety under Cheibriados
  3014 | D:4      | Killed Natasha
  3128 | D:4      | Found an iron altar of Okawaru.
  3323 | D:4      | Reached skill level 5 in Stealth
  3323 | D:4      | Reached XP level 7. HP: 41/42 MP: 8/12
  3380 | D:4      | Noticed Natasha
  3386 | D:4      | Killed Natasha
  3387 | D:4      | Reached skill level 1 in Fighting
  3596 | D:5      | Entered Level 5 of the Dungeon
  3677 | D:5      | Noticed a yak
  3680 | D:5      | Noticed a yak
  3683 | D:5      | Noticed a yak
  3684 | D:5      | Killed a yak
  3684 | D:5      | Noticed a yak
  3692 | D:5      | Noticed a yak
  3699 | D:6      | Reached skill level 3 in Conjurations
  3861 | D:7      | Learned a level 4 spell: Flame Wave
  3866 | D:7      | Learned a level 4 spell: Iskenderun's Mystic Blast
  3879 | D:6      | Reached XP level 8. HP: 48/48 MP: 4/14
  4043 | D:6      | Reached skill level 1 in Invocations
  4149 | D:5      | Reached skill level 5 in Spellcasting
  4428 | D:5      | Noticed a yak
  4440 | D:5      | Killed a yak
  4440 | D:5      | Killed a yak
  4441 | D:5      | Reached skill level 1 in Translocations
  4441 | D:5      | Reached skill level 5 in Fire Magic
  4448 | D:5      | Killed a yak
  4457 | D:5      | Killed a yak
  4458 | D:5      | Reached skill level 4 in Conjurations
  4458 | D:5      | Reached XP level 9. HP: 53/53 MP: 0/17
  4711 | D:5      | Reached *** piety under Cheibriados
  5127 | D:6      | Found a sparkling altar of Nemelex Xobeh.
  5621 | D:6      | Reached skill level 5 in Conjurations
  5778 | D:7      | Reached **** piety under Cheibriados
  6071 | D:7      | Found a transporter.
  6076 | D:7      | Found a transporter.
  6109 | D:7      | Reached XP level 10. HP: 58/58 MP: 7/20
  6400 | D:7      | Found a shimmering blue altar of Sif Muna.
  6969 | D:4      | Noticed Natasha
  6997 | D:4      | Killed Natasha
  7309 | D:8      | Reached skill level 6 in Conjurations
  7354 | D:8      | Found an ornate altar of the Wu Jian Council.
  7672 | D:8      | Reached skill level 1 in Hexes
  7850 | D:8      | Reached ***** piety under Cheibriados
  8245 | D:8      | Reached skill level 5 in Invocations
  8586 | D:9      | Noticed Maggie
  8595 | D:9      | Reached XP level 11. HP: 63/63 MP: 2/23
  8597 | D:9      | Killed Maggie
  8780 | D:9      | Reached skill level 1 in Shields
  8855 | D:9      | Found a staircase to the Lair.
  8866 | D:9      | Found a runed translucent gate.
  8867 | D:9      | Found a runed translucent gate.
  8950 | D:9      | Found an ancient bone altar of Kikubaaqudgha.
  9110 | D:9      | Found a basalt altar of Yredelemnul.
  9180 | D:9      | Reached skill level 7 in Conjurations
  9289 | D:9      | Noticed spirit192's ghost (journeyman MiFi)
  9340 | D:9      | Found a runed translucent gate.
  9431 | D:9      | Found a hazy altar of Hepliaklqana.
  9433 | D:9      | Found a faded altar of an unknown god.
  9515 | D:9      | Found a bloodstained altar of Trog.
  9775 | D:9      | Learned a level 3 spell: Hailstorm
  9782 | D:9      | Learned a level 6 spell: Starburst
  9798 | Lair:1   | Entered Level 1 of the Lair of Beasts
  9845 | Lair:1   | Reached skill level 1 in Maces & Flails
 10141 | Lair:1   | Reached ****** piety under Cheibriados
 11228 | Lair:2   | Reached XP level 12. HP: 70/70 MP: 15/24
 11510 | Lair:2   | Reached skill level 8 in Conjurations
 12040 | Lair:2   | Reached skill level 5 in Dodging
 12826 | Lair:3   | Reached skill level 5 in Shields
 13037 | Lair:3   | Noticed Rupert
 13050 | Lair:3   | Killed Rupert
 13051 | Lair:3   | Reached skill level 9 in Conjurations
 13051 | Lair:3   | Reached XP level 13. HP: 69/76 MP: 0/26
 13606 | Lair:3   | Found a staircase to the Shoals.
 13733 | Lair:3   | Reached skill level 10 in Conjurations
 13866 | Lair:3   | Slain by a salamander

Illustrated notes

Levels and vault maps discovered:
D:1:      minmay_arrival_doors, layout_basic, minmay_misc_feat_nine_boxes,
          minmay_liquid_box
D:2:      layout_loops_cross, basic_altar, kennysheep_nub
D:3:      layout_rooms, makhleb_altar_promises_db, minmay_misc_feat_five,
          uniq_robin
D:4:      layout_loops_corners, mainiacjoe_overflow_catwalk,
          mainiacjoe_overflow_concentric_impassable, minmay_temple_entry_arrows,
          uniq_menkaure, uniq_natasha
D:5:      layout_basic, serial_curves, eino_curves_03, eino_curves_03,
          nicolae_nh_ransacked_shop
D:6:      layout_loops_ring, mainiacjoe_overflow_boulevard
D:7:      gammafunk_steamed_eel, layout_rooms, kennysheep_orc_sif_temple
D:8:      layout_loops_corners, nzn_wu_jian_council_hall, minmay_joined_circles
D:9:      layout_irregular_city, beargit_hepliaklqana_dungeon_heroes,
          lemuel_round_altar, nicolae_overflow_hidden_temple, kennysheep_mini,
          lair_entry_dummy, gammafunk_ghost_split, hangedman_decor_slide_cut,
          uniq_maggie
Lair:1:   lemuel_slime, layout_regular_city
Lair:2:   beast_lair_carwin_large_4, layout_cave_pods, special_room
          [special_room_bee], dreamdust_gnoll_shepherd
Lair:3:   layout_cellular_growth, elwin_shoals_entry_stream,
          nicolae_snake_entry_warm_welcome, chequers_serial_rivers_room_a,
          chequers_serial_rivers_large_b, uniq_rupert

Skill      XL: |  1  2  3  4  5  6  7  8  9 10 11 12 13 |
---------------+----------------------------------------+-----
Stealth        | 3 4 5 6 7 |  7.6
Short Blades   | 1 2 |  2.7
Spellcasting   | 3 4 5 7 8 9 |  9.7
Conjurations   | 2 3 4 5 6 7 9 10 | 10.0
Fire Magic     | 4 5 6 7 8 9 |  9.4
Dodging        | 3 4 5 |  5.3
Fighting       | 1 2 |  2.5
Invocations    | 3 5 7 8 |  8.7
Translocations | 2 4 |  4.5
Hexes          | 1 2 |  2.3
Shields        | 3 5 6 |  6.0
Maces & Flails | 2 4 |  4.2
Unarmed Combat | |  0.4
Evocations     | |  0.5

Action                     |  1- 3 |  4- 6 |  7- 9 | 10-12 | 13-15 || total
---------------------------+-------+-------+-------+-------+-------++-------
  Melee: Dagger            |    48 |    47 |    38 |       |       ||   133
         Unarmed           |     1 |       |       |       |       ||     1
         Tentacles         |    11 |     3 |    16 |    53 |     2 ||    85
         Constrict         |     9 |     6 |    12 |    31 |     1 ||    59
         Punch             |       |     1 |     1 |     2 |       ||     4
         Short sword       |       |       |     7 |    67 |       ||    74
         Flail             |       |       |       |    90 |     8 ||    98
   Cast: Foxfire           |    49 |    68 |    77 |   235 |    29 ||   458
         Scorch            |       |     3 |    35 |    55 |    15 ||   108
         Inner Flame       |       |     1 |     4 |     6 |     1 ||    12
         Flame Wave        |       |       |    10 |    26 |     8 ||    44
         Iskenderun's Myst |       |       |       |     3 |       ||     3
         Starburst         |       |       |       |     3 |       ||     3
  Evoke: Wand              |       |       |     3 |     1 |       ||     4
    Use: Scroll            |       |     7 |     2 |     9 |     1 ||    19
         Potion            |       |     1 |       |     3 |       ||     4
   Stab: Sleeping          |     9 |     3 |     2 |    10 |       ||    24
 Armour: Skin              |     7 |    24 |     5 |    30 |     5 ||    71
  Dodge: Dodged            |    34 |    45 |    57 |   229 |    39 ||   404
  Block: Buckler           |       |       |    13 |    85 |    17 ||   115

Table legend: (Time is in decaauts)
 A = Elapsed time spent in this place.
 B = Non-inter-level travel time spent in this place.
 C = Inter-level travel time spent in this place.
 D = Time resting spent in this place.
 E = Time spent auto-exploring this place.
 F = Levels seen in this place.
 G = Mean time per level.
                   A        B        C        D        E       F      G
               +--------+--------+--------+--------+--------+-----+--------+
         Total |  19377 |  18604 |    773 |    157 |  13897 |  12 | 1614.8 |
       Dungeon |  13213 |  12560 |    653 |    157 |   9056 |   9 | 1468.1 |
          Lair |   6163 |   6043 |    120 |      0 |   4841 |   3 | 2054.3 |
               +--------+--------+--------+--------+--------+-----+--------+

Top non-repeatable levels by time:
  Lair:2: 2657 daAuts
     D:8: 1992 daAuts
     D:9: 1974 daAuts
     D:7: 1846 daAuts
     D:4: 1816 daAuts
  Lair:3: 1757 daAuts
  Lair:1: 1749 daAuts
     D:6: 1440 daAuts
     D:5: 1405 daAuts
     D:2: 1100 daAuts
     D:1: 892 daAuts
     D:3: 744 daAuts
